 Dungeon Crawl Stone Soup version 0.28-a0-8-g6e044cfa68 (webtiles) character file.

Game seed: 12766586274714173357

9 Spectrina the Magician (level 2, -2/21 HPs)
             Began as a Djinni Necromancer on July 24, 2021.
             Was a Follower of Wu Jian.
             Slain by a hobgoblin (3 damage)
             ... on level 1 of the Dungeon.
             The game lasted 00:02:49 (273 turns).

Spectrina the Magician (Djinni Necromancer)          Turns: 273, Time: 00:02:49

Health: -2/21      AC:  2    Str:  7    XL:     2   Next: 20%
Gold:   0          EV: 12    Int: 16    God:    Wu Jian [*.....] SH:  0 Dex: 13

rFire   + + .      SeeInvis .   (no weapon)
rCold   x . .      Faith    .   (no shield)
rNeg    . . .      Spirit   .   a - +0 robe
rPois   ∞          Reflect  .   (no helmet)
rElec   .          Harm     .   (no cloak)
rCorr   .          Rampage  .   (no gloves)
Will    .....                   (boots unavailable)
Stlth   ++........              (no amulet)
HPRegen 0.07/turn               (no ring)
MPRegen 0.00/turn               (no ring)

@: flying
A: sickness immunity, fire resistance 2, cold vulnerability 1, float, innate
caster, hp casting, extra vitality 1
a: Renounce Religion


You were on level 1 of the Dungeon.
You worshipped Wu Jian.
Wu Jian was aware of your devotion.
You visited 1 branch of the dungeon, and saw 1 of its levels.

Inventory:

Missiles
 b - 17 stones
 c - 12 bolts
Armour
 a - a +0 robe (worn)
Potions
 d - a potion of lignification {unknown}


   Skills:
 - Level 2.1 Dodging
 - Level 1.5 Stealth
 * Level 3.6 Spellcasting


You couldn't memorise any spells.
You knew the following spells:

 Your Spells              Type           Power      Damage    Failure   Level
a - Pain                  Necr           56%        1d6       4%          1
b - Animate Skeleton      Necr           28%        N/A       4%          1
c - Vampiric Draining     Necr           7%         2d7       12%         3
d - Animate Dead          Necr           7%         N/A       36%         4
e - Agony                 Necr           14%        N/A       73%         5
Your spell library was empty.

Dungeon Overview and Level Annotations

Branches:
Dungeon (1/15)

Altars:
Wu Jian


Innate Abilities, Weirdness & Mutations

You are immune to sickness and miasma.
You are immune to poison.
Your flesh is very heat resistant. (rF++)
You are vulnerable to cold. (rC-)
You float through the air rather than walking.
You learn spells naturally, not from books.
Your magical power is your life essence.
You have superior vitality. (+4 HP)


Message History

Unknown command.
Casting: Pain (safe; 4% risk of failure)
Confirm with . or Enter, or press ? or * to list all spells.
Aiming: Pain (safe; 4% risk of failure)
Press: ? - help, Shift-Dir - straight line, f/p - endoplasm
Aim: an endoplasm (moderately wounded, chance to affect: 85%)
The endoplasm writhes in agony.
You kill the endoplasm!
The Council accepts your kill.
* * * LOW HITPOINT WARNING * * *
There is an open door here.
A hobgoblin comes into view.
A kobold comes into view. It is wielding a +0 whip.
The hobgoblin shouts!
You hear a shout!
Found a stone staircase leading down.
Unknown command.
You hit the hobgoblin.
The hobgoblin is moderately wounded.
A hobgoblin comes into view.
The hobgoblin hits you.
* * * LOW HITPOINT WARNING * * *
Unknown command.
Casting: Pain (safe; 4% risk of failure)
Confirm with . or Enter, or press ? or * to list all spells.
Aiming: Pain (safe; 4% risk of failure)
Press: ? - help, Shift-Dir - straight line, f - hobgoblin
Aim: a hobgoblin (moderately wounded, chance to affect: 85%)
The hobgoblin writhes in agony.
The hobgoblin shouts!
* * * LOW HITPOINT WARNING * * *
You hear a shout!
A kobold comes into view. It is wielding a +1 dagger of venom.
The hobgoblin closely misses you.
You closely miss the hobgoblin.
The hobgoblin is almost dead.
The hobgoblin hits you but does no damage.
You hit the hobgoblin but do no damage.
The hobgoblin is almost dead.
The hobgoblin hits you.
You die...

##### ###### ### .....
#....# #.. ...... #....#
#..
K.....####..†.########..
>.............'.........
.....#.##....########..
... #@##....# ### .
#g##....# #.####### #g#
#.# ... #.. .#.


You could see 2 hobgoblins.

Vanquished Creatures
  A dart slug (D:1)
  2 endoplasms (D:1)
  A goblin (D:1)
  A ball python (D:1)
  2 frilled lizards (D:1)
7 creatures vanquished.

Notes
Turn   | Place    | Note
-------+----------+-------------------------------------------
     0 | D:1      | Spectrina the Djinni Necromancer began the quest for the
                  | Orb.
     0 | D:1      | Reached XP level 1. HP: 15/15 MP: 0/0
     2 | D:1      | Noticed a tengu
     2 | D:1      | Noticed a djinni
     4 | D:1      | Noticed a felid
     6 | D:1      | Noticed a vine stalker
     6 | D:1      | Noticed a ghoul
     8 | D:1      | Noticed a spriggan
     8 | D:1      | Noticed a human
    10 | D:1      | Noticed a demonspawn
    10 | D:1      | Noticed a barachi
    12 | D:1      | Noticed a demigod
    12 | D:1      | Noticed a palentonga
    16 | D:1      | Noticed an octopode
    16 | D:1      | Noticed a merfolk
    18 | D:1      | Noticed an elf
    20 | D:1      | Noticed a minotaur
    22 | D:1      | Noticed a vampire
    22 | D:1      | Noticed a troll
    24 | D:1      | Noticed a formicid
    24 | D:1      | Noticed a gargoyle
    26 | D:1      | Noticed a dwarf
    26 | D:1      | Noticed a naga
    28 | D:1      | Noticed an ogre
    28 | D:1      | Noticed a draconian
    64 | D:1      | Found a faded altar of an unknown god.
    67 | D:1      | Became a worshipper of the Wu Jian Council
    67 | D:1      | Reached * piety under Wu Jian
   101 | D:1      | Reached XP level 2. HP: 1/21 MP: 0/0
   273 | D:1      | Slain by a hobgoblin

Illustrated notes

Levels and vault maps discovered:
D:1:      kb_arrival_jail, layout_basic, shapermc_ecumenical_altar_rom_forum,
          minmay_misc_feat_diagonals

Action                   || total
-------------------------++-------
Melee: Unarmed           ||     7
 Cast: Pain              ||    13
Invok: Lunge             ||     3
 Stab: Sleeping          ||     2
Armor: Robe              ||     1
Dodge: Dodged            ||     2

Table legend: (Time is in decaauts)
 A = Elapsed time spent in this place.
 B = Non-inter-level travel time spent in this place.
 C = Inter-level travel time spent in this place.
 D = Time resting spent in this place.
 E = Time spent auto-exploring this place.
 F = Levels seen in this place.
 G = Mean time per level.
                   A        B        C        D        E       F      G
               +--------+--------+--------+--------+--------+-----+--------+
         Total |    273 |    273 |      0 |      0 |      0 |   1 |  273.0 |
       Dungeon |    273 |    273 |      0 |      0 |      0 |   1 |  273.0 |
               +--------+--------+--------+--------+--------+-----+--------+

Top non-repeatable levels by time:
     D:1: 273 daAuts
